AoeStats
← 859

Arena

509903306Analyzed
1v1 RM · 4d ago on Sep 28, 2026· 46m 6s· 2 players
Game mode
Random Map
Map size
Tiny (2 player)
Population
200
Speed
Normal
Resources
Standard
Victory
Conquest
Starting age
Dark Age
Ending age
Imperial Age
RankedLock teamsTeams togetherTeam positionsShared explorationLock speedFull tech treeHidden civsTurbo modeCheats
Victory
Defeat
🇨🇳 Persians · China
1132
+16
🇱🇹 Spanish · Lithuania
1130
-16
Nondoss
10:42 Feudal Age
11:26 Loom
14:34 Castle Age
13:02 Double-Bit Axe
13:41 Horse Collar
22:52 Wheelbarrow
22:33 Heavy Plow
22:56 Gold Mining
24:22 Bow Saw
25:31 Hand Cart
25:17 Town Watch
26:00 Scale Barding Armor
26:01 Stone Mining
26:25 Town Patrol
30:42 Imperial Age
28:27 Herbal Medicine
28:39 Scale Barding Armor
29:54 Stone Shaft Mining
29:19 Fletching
29:50 Chain Barding Armor
29:50 Bloodlines
29:51 Husbandry
30:07 Bodkin Arrow
30:54 Elite Conquistador
31:56 Conscription
31:48 Murder Holes
32:04 Masonry
32:14 Ballistics
32:55 Chemistry
32:01 Murder Holes
32:17 Masonry
32:27 Ballistics
34:24 Plate Barding Armor
35:02 Bracer
39:05 Architecture
42:29 Pikeman
43:22 Forging
43:14 Squires
42:59 Gambesons
42:59 Arson
46:31 Padded Archer Armor
859
10:38 Feudal Age
10:50 Loom
14:31 Castle Age
13:15 Double-Bit Axe
13:12 Horse Collar
14:41 Wheelbarrow
16:23 Bow Saw
16:15 Heavy Plow
29:32 Imperial Age
27:56 Scale Barding Armor
28:04 Forging
28:36 Hand Cart
28:29 Devotion
29:06 Gold Mining
29:39 Chain Barding Armor
30:16 Husbandry
30:27 Bloodlines
31:03 Conscription
30:09 Cavalier
31:27 Plate Barding Armor
31:28 Iron Casting
31:34 Gold Shaft Mining
31:32 Savar
34:02 Crop Rotation
34:38 Blast Furnace
33:35 Pikeman
34:01 Gambesons
34:16 Squires
34:02 Arson
36:18 Scale Mail Armor
36:53 Stone Mining
38:08 Two-Man Saw
38:00 Chain Mail Armor
37:12 Halberdier
40:20 Light Cavalry
42:19 Plate Mail Armor
43:39 Hussar
Connection lost

Rejoining the realm…

Still unreachable

The connection could not be restored.

Session expired

The server has moved on; the page needs a fresh start.